AoeStats
← nguyenkhang90

Arena

510096709Analyzed
3v3 RM · 4d ago on Sep 29, 2026· 42m 54s· 6 players
Game mode
Random Map
Map size
Normal (6 player)
Population
200
Speed
Normal
Resources
Standard
Victory
Conquest
Starting age
Dark Age
Ending age
Imperial Age
RankedLock teamsTeams togetherTeam positionsShared explorationLock speedFull tech treeHidden civsTurbo modeCheats
Victory
Defeat
🇬🇧 Burmese · United Kingdom
1352
+14
🇦🇺 Gurjaras · Australia
1337
+15
🇷🇺 Spanish · Russia
1284
+17
🇻🇳 Koreans · Vietnam
1326
-16
🇻🇳 Khmer · Vietnam
1319
-16
🇻🇳 Magyars · Vietnam
1289
-14
boomer2000
11:50 Feudal Age
12:35 Double-Bit Axe
15:44 Castle Age
13:30 Horse Collar
16:58 Bow Saw
17:26 Wheelbarrow
16:54 Heavy Plow
21:29 Gold Mining
22:56 Husbandry
23:22 Fervor
23:18 Stone Mining
28:53 Imperial Age
26:09 Loom
27:12 Hand Cart
27:50 Stone Shaft Mining
27:38 Ballistics
27:29 Scale Barding Armor
27:35 Forging
27:59 Bloodlines
29:06 Chain Barding Armor
30:39 Two-Man Saw
29:01 Cavalier
32:15 Plate Barding Armor
31:37 Paladin
34:20 Chemistry
33:31 Masonry
34:08 Iron Casting
33:24 Fletching
34:48 Caravan
35:00 Guilds
35:21 Coinage
35:30 Supremacy
35:30 Conscription
35:46 Hoardings
36:08 Bombard Tower
38:33 Blast Furnace
38:48 Bodkin Arrow
38:53 Padded Archer Armor
42:21 Architecture
41:37 Arrowslits
42:03 Fortified Wall
41:48 Murder Holes
41:54 Bracer
42:10 Leather Archer Armor
smithy10w
10:26 Feudal Age
14:07 Castle Age
12:25 Horse Collar
14:59 Heavy Plow
20:25 Wheelbarrow
22:20 Hand Cart
22:29 Gold Mining
22:46 Stone Mining
25:01 Scale Barding Armor
27:43 Imperial Age
25:54 Gold Shaft Mining
25:41 Scale Mail Armor
25:42 Loom
25:43 Town Watch
25:34 Man-at-Arms
26:14 Squires
26:00 Gambesons
26:27 Forging
27:28 Chain Mail Armor
27:48 Iron Casting
27:04 Pikeman
27:07 Long Swordsman
27:33 Arson
28:15 Halberdier
28:15 Two-Handed Swordsman
30:19 Chemistry
30:18 Conscription
30:54 Plate Mail Armor
30:29 Champion
31:58 Crop Rotation
33:34 Howdah
34:07 Chain Barding Armor
34:47 Blast Furnace
34:15 Masonry
33:42 Elite Battle Elephant
34:23 Husbandry
35:25 Bloodlines
37:36 Guilds
39:28 Plate Barding Armor
38:43 Fletching
42:39 Bodkin Arrow
GI
8:28 Loom
10:16 Feudal Age
14:48 Castle Age
13:06 Stone Mining
13:41 Double-Bit Axe
14:02 Horse Collar
15:21 Town Watch
16:56 Bow Saw
18:47 Wheelbarrow
28:08 Forging
30:31 Hand Cart
33:45 Imperial Age
31:54 Town Patrol
32:09 Fletching
32:54 Kshatriyas
33:15 Scale Barding Armor
33:47 Iron Casting
34:17 Chain Barding Armor
34:10 Bloodlines
34:00 Husbandry
33:50 Heavy Camel Rider
36:02 Plate Barding Armor
37:09 Iron Casting
37:10 Conscription
37:56 Bodkin Arrow
38:42 Caravan
39:52 Light Cavalry
40:50 Bracer
41:33 Hussar
nguyenkhang90
10:09 Feudal Age
14:11 Castle Age
12:29 Double-Bit Axe
14:22 Scale Mail Armor
15:56 Loom
16:14 Squires
23:20 Bow Saw
23:26 Arson
26:47 Chain Mail Armor
31:31 Fletching
40:52 Imperial Age
38:46 Bodkin Arrow
41:24 Pikeman
43:14 Plate Mail Armor
42:54 Forging
42:45 Bracer
haingocvo96
10:18 Feudal Age
13:38 Castle Age
11:58 Double-Bit Axe
12:29 Horse Collar
14:59 Bow Saw
16:48 Loom
17:39 Wheelbarrow
18:04 Loom
18:26 Husbandry
19:19 Heavy Plow
19:28 Gold Mining
22:11 Forging
23:28 Hand Cart
25:07 Bloodlines
25:01 Town Watch
25:57 Gold Shaft Mining
29:16 Imperial Age
26:45 Stone Mining
28:05 Ballistics
27:54 Scale Barding Armor
27:40 Fletching
30:21 Conscription
31:05 Double Crossbow
31:58 Bodkin Arrow
33:19 Chemistry
33:45 Hoardings
33:24 Elite Ballista Elephant
34:43 Elite Ballista Elephant
35:50 Chain Barding Armor
35:31 Bracer
35:49 Masonry
38:13 Plate Barding Armor
40:16 Light Cavalry
41:33 Iron Casting
41:51 Hussar
Tha_cho_em
10:21 Feudal Age
12:09 Loom
15:06 Castle Age
13:28 Double-Bit Axe
13:52 Horse Collar
15:10 Loom
16:01 Bow Saw
21:48 Scale Barding Armor
24:18 Husbandry
24:29 Bloodlines
26:20 Bloodlines
26:50 Heavy Plow
28:00 Wheelbarrow
27:11 Town Watch
30:48 Imperial Age
28:11 Gold Mining
29:19 Chain Barding Armor
29:28 Chain Barding Armor
29:13 Fletching
28:59 Light Cavalry
30:26 Gold Shaft Mining
30:53 Cavalier
32:08 Plate Barding Armor
32:54 Plate Barding Armor
32:36 Hand Cart
33:34 Bodkin Arrow
36:05 Conscription
41:44 Masonry
41:30 Murder Holes
41:52 Pikeman
42:34 Scale Mail Armor
Connection lost

Rejoining the realm…

Still unreachable

The connection could not be restored.

Session expired

The server has moved on; the page needs a fresh start.